 Dungeon Crawl Stone Soup version 0.21-a0-440-g28109cb (webtiles) character file.

2 Inectha the Sneak (level 1, 0/13 HPs)
             Began as a Vampire Enchanter on Nov 11, 2017.
             Succumbed to a goblin's poison
             ... on level 1 of the Dungeon on Nov 12, 2017.
             The game lasted 00:05:41 (157 turns).

Inectha the Sneak (Vampire Enchanter)                Turns: 157, Time: 00:05:42

Health: 0/13       AC:  2    Str:  7    XL:     1   Next: 33%
Magic:  1/3        EV: 12    Int: 17    God:
Gold:   7          SH:  0    Dex: 14    Spells: 3/4 levels left

rFire    . . .     SeeInvis +   f - +1 dagger (venom)
rCold    . . .     Gourm    .   (no shield)
rNeg     + . .     Faith    .   b - +0 robe
rPois    .         Spirit   .   (no helmet)
rElec    .         Reflect  .   (no cloak)
rCorr    .         Harm     .   (no gloves)
MR       .....                  (no boots)
Stlth    +++.......             (no amulet)
HPRegen  0.04/turn              (no ring)
MPRegen  0.08/turn              (no ring)

@: lethally poisoned (0 -> -12)
A: fangs 3, see invisible, unbreathing
a: no special abilities


You were on level 1 of the Dungeon.
You were not thirsty.

You visited 1 branch of the dungeon, and saw 1 of its levels.

You collected 7 gold pieces.

Inventory:

Hand Weapons
 a - a +1 dagger
 f - a +1 dagger of venom (weapon)
Missiles
 e - 14 poisoned needles (quivered)
Armour
 b - a +0 robe (worn)
Potions
 d - a potion of blood
Books
 c - a book of Maledictions

   Spells                             Type                      Level
   a - Corona                         Hexes                        1
   b - Ensorcelled Hibernation        Hexes/Ice                    2
   c - Confuse                        Hexes                        3
   d - Tukima's Dance                 Hexes                        3
   e - Dazzling Spray                 Conjuration/Hexes            3


   Skills:
 + Level 1.1 Short Blades
 + Level 2.1 Dodging
 + Level 4.6 Stealth
 + Level 2.0 Spellcasting
 + Level 4.5 Hexes


You had 3 spell levels left.
You knew the following spells:

 Your Spells              Type           Power        Failure   Level  Hunger
a - Corona                Hex            ###....      3%          1    #......


Dungeon Overview and Level Annotations

Branches:
Dungeon (1/15)

Altars:


Innate Abilities, Weirdness & Mutations

You have razor-sharp teeth.
You have supernaturally acute eyesight. (SInv)
You can survive without breathing.


Message History

You feel sick.
Casting: Corona
Confirm with . or Enter, or press ? or * to list all spells.
Aiming: Corona
Press: ? - help, Shift-Dir - straight line, f - hobgoblin
Aim: a hobgoblin (chance to defeat MR: 71%)
The hobgoblin is outlined in light.
You feel sick.
You feel sick.
You hit the hobgoblin but do no damage.
* * * LOW HITPOINT WARNING * * *
You feel sick. The hobgoblin misses you.
Yummy - fresh blood!
The hobgoblin closely misses you.
You barely miss the hobgoblin.
* * * LOW HITPOINT WARNING * * *
You feel sick. The hobgoblin hits you.
* * * LOW HITPOINT WARNING * * *
Wield which item (- for none, * to show all)? (? for menu, Esc to quit)
Your +1 dagger of venom begins to drip with poison!
f - a +1 dagger of venom (weapon)
You die...

#.### #.# #.#.###.#
#.#.## ####.###
#......<. #....##
#......# #.#.###.#
##.....###.##.#.# #.#
#......)......#.#####
#.#
##.....###.#.........
... .......##
#....#.####. #%#
.>...#.## #....#.#
... #?#..#.# #.@?...#
### #....#.#
##g..###### .#. #.
#.†....... #...#####.
....... ...!.......
...............
######...##.##. #..>.
..


You could see a hobgoblin.

Vanquished Creatures
  2 bats (D:1)
  A goblin (D:1)
  A kobold (D:1)
4 creatures vanquished.

Notes
Turn   | Place    | Note
-------+----------+-------------------------------------------
     0 | D:1      | Inectha the Vampire Enchanter began the quest for the Orb.
     0 | D:1      | Reached XP level 1. HP: 13/13 MP: 3/3
   157 | D:1      | Succumbed to a goblin's poison

Vault maps used:
D:1:      roderic_chinese_lattice_arrival, hangedman_decor_lopped

Action                   || total
-------------------------++-------
Melee: Dagger            ||    18
       Bite              ||     1
 Cast: Corona            ||     5
  Use: Potion            ||     1
Armor: Robe              ||     9
Dodge: Dodged            ||    18

Table legend:
 A = Spawn XP
 B = Non-spawn XP
 C = Spawn XP percentage of total XP
 D = Spawn monster count
 E = Non-spawn monster count
 F = Spawn count percentage of total count
 G = Total turns spent on level
                    A         B        C        D         E        F      G
               +---------+---------+-------+---------+---------+-------+---------
         Total |       0 |       4 |   0.0 |       0 |       4 |   0.0 |   157
               +---------+---------+-------+---------+---------+-------+---------
           D:1 |       0 |       4 |   0.0 |       0 |       4 |   0.0 |   157
               +---------+---------+-------+---------+---------+-------+---------
